 Dungeon Crawl Stone Soup version 0.28.0-55-gcd9437bce4 (webtiles) character file.

Game seed: 16806567923411558163

0 tkbsonic5 the Sneak (level 1, -1/14 HPs)
             Began as a Kobold Delver on Dec 31, 2022.
             Slain by a hobgoblin (3 damage)
             ... on level 2 of the Dungeon on Jan 1, 2023.
             The game lasted 00:04:26 (525 turns).

tkbsonic5 the Sneak (Kobold Delver)                  Turns: 525, Time: 00:04:27

Health: -1/14      AC:  3    Str:  6 (9)  XL:     1   Next: 11%
Magic:  1/1        EV: 13    Int:  9 (11) God:
Gold:   36         SH:  0    Dex: 13 (16) Spells: 0/0 levels left

rFire   . . .      SeeInvis .   a - +0 short sword
rCold   . . .      Faith    .   (no shield)
rNeg    . . .      Spirit   .   b - +0 leather armour
rPois   .          Reflect  .   (no helmet)
rElec   .          Harm     .   (no cloak)
rCorr   .          Rampage  .   (no gloves)
Will    .....                   (no boots)
Stlth   ++++......              (no amulet)
HPRegen 0.04/turn               (no ring)
MPRegen 0.07/turn               (no ring)

@: no status effects
A: small, no large weapons, nightstalker 3
a: no special abilities


You were on level 2 of the Dungeon.
You visited 1 branch of the dungeon, and saw 4 of its levels.

You collected 36 gold pieces.

Inventory:

Hand Weapons
 a - a +0 short sword (weapon)
Armour
 b - a +0 leather armour (worn)
 c - a +1 cloak
Wands
 g - a wand of digging (2)


   Skills:
 * Level 3.3 Fighting
 * Level 2.7 Short Blades
 * Level 2.4 Dodging
 * Level 6.6 Stealth
 + Level 0.0 Evocations


You couldn't memorise any spells.
You didn't know any spells.
Your spell library contained the following spells:

 Spells                   Type           Power      Damage    Failure   Level
 Apportation              Tloc           0%         N/A       54%         1
 Alistair's Intoxication  Tmut/Pois      0%         N/A       100%        5


Dungeon Overview and Level Annotations

Branches:
Dungeon (5/15)
 Temple: D:4-7

Altars:


Innate Abilities, Weirdness & Mutations

You are small and have problems with some larger weapons.
You are completely attuned to the shadows.


Message History

You feel strangely unstable.
Your surroundings suddenly seem different.
You start resting.
An adder is nearby!
You aren't carrying any potions.
A worm comes into view.
A hobgoblin comes into view.
You hit the hobgoblin.
The hobgoblin is moderately wounded.
The hobgoblin closely misses you.
You hit the hobgoblin but do no damage.
The hobgoblin is moderately wounded.
The hobgoblin barely misses you.
You hit the hobgoblin but do no damage.
The hobgoblin is moderately wounded.
The hobgoblin hits you.
You hit the hobgoblin.
The hobgoblin is heavily wounded.
The hobgoblin hits you but does no damage.
You closely miss the hobgoblin.
The hobgoblin is heavily wounded.
The hobgoblin barely misses you.
You barely miss the hobgoblin.
The hobgoblin is heavily wounded.
The hobgoblin barely misses you.
You hit the hobgoblin but do no damage.
The hobgoblin is heavily wounded.
The hobgoblin hits you.
You barely miss the hobgoblin.
The hobgoblin is heavily wounded.
The hobgoblin hits you.
* * * LOW HITPOINT WARNING * * *
You hit the hobgoblin.
The hobgoblin is severely wounded.
The hobgoblin hits you.
* * * LOW HITPOINT WARNING * * *
You hit the hobgoblin.
The hobgoblin is almost dead.
The hobgoblin hits you.
You die...

#....#......
#....+>.......
#....#.........
#####....#.........
#........#.........
#........#.........
#..................
#......w......#####
#.@...........#
#..g..........#
#.....[.......
#...... #......


You could see a hobgoblin.

Vanquished Creatures
  A rat (D:2)
1 creature vanquished.

Notes
Turn   | Place    | Note
-------+----------+-------------------------------------------
     0 | D:5      | tkbsonic5 the Kobold Delver began the quest for the Orb.
     0 | D:5      | Reached XP level 1. HP: 14/14 MP: 1/1
    61 | D:4      | Noticed a black bear
   114 | D:5      | Noticed a scorpion
   120 | D:5      | Noticed an ogre
   396 | D:2      | Noticed a scorpion
   525 | D:2      | Slain by a hobgoblin

Illustrated notes

Levels and vault maps discovered:
D:2:      layout_basic
D:3:      layout_loops_corners, columned_hall_lemuel
D:4:      layout_rooms, lemuel_doored_altar, minmay_temple_entry_mist,
          serial_shops, nicolae_shop_competitors_out_of_business, uniq_menkaure
D:5:      kennysheep_big_flooded_room, layout_gridville,
          mainiacjoe_overflow_brackets, nicolae_qazlal_style_of_elements,
          minmay_chambers_of_fives

Action                   || total
-------------------------++-------
Melee: Short sword       ||    11
Evoke: Wand              ||     1
  Use: Scroll            ||     7
       Potion            ||     2
 Stab: Sleeping          ||     1
Armor: Leather armour    ||     2
Dodge: Dodged            ||    16
